 Dungeon Crawl Stone Soup version 0.21.1-1-g345015f (webtiles) character file.

17941 Wendigo the Grappler (level 12, -5/119 HPs)
             Began as a Troll Hunter on July 15, 2018.
             Was a High Priest of Okawaru.
             Slain by a komodo dragon (19 damage)
             ... on level 3 of the Lair of Beasts.
             The game lasted 00:34:28 (11897 turns).

Wendigo the Grappler (Troll Hunter)                Turns: 11897, Time: 00:34:29

Health: -5/119     AC: 12    Str: 23    XL:     12   Next: 23%
Magic:  13/15      EV: 13    Int:  7    God:    Okawaru [*****.]
Gold:   795        SH: 13    Dex: 14    Spells: 11/11 levels left

rFire    + . .     SeeInvis .     - Unarmed
rCold    + + .     Gourm    +   l - +0 shield
rNeg     . . .     Faith    .   I - +2 robe {MR+}
rPois    .         Spirit   .   (helmet restricted)
rElec    .         Reflect  .   A - scarf {rC+ rF+}
rCorr    .         Harm     .   (gloves unavailable)
MR       +....                  (boots unavailable)
Stlth    +++.......             (no amulet)
HPRegen  0.69/turn              m - +5 ring of protection
MPRegen  0.14/turn              a - ring of protection from cold

@: heroism
A: large, unfitting armour, claws 3, fast metabolism 3, gourmand, regeneration
1, shaggy fur 1, tough skin 2
a: Heroism, Finesse, Renounce Religion


You were on level 3 of the Lair of Beasts.
You worshipped Okawaru.
Okawaru was extremely pleased with you.
You were completely stuffed.

You visited 3 branches of the dungeon, and saw 15 of its levels.
You also visited: Sewer.

You collected 795 gold pieces.

Inventory:

Hand Weapons
 u - a +0 blowgun
Missiles
 d - 5 throwing nets
 t - 85 poisoned needles
 E - 11 large rocks (quivered)
 G - 6 needles of sleeping
 H - 6 tomahawks
Armour
 i - a +1 cloak of poison resistance
 l - a +0 shield (worn)
 A - a scarf of resistance (worn)
 I - a +2 robe of magic resistance (worn)
Jewellery
 a - a ring of protection from cold (right claw)
 m - a +5 ring of protection (left claw)
 L - a +4 ring of protection
 M - an uncursed amulet of faith {unknown}
 P - a +3 ring of intelligence {unknown}
 R - the ring of the Visionary {rCorr Int+3}
   (You found it on level 2 of the Lair of Beasts)

   [ring of resist corrosion]

   It affects your intelligence (+3).
 T - a cursed ring of teleportation {unknown}
Wands
 e - a wand of acid (5)
 n - a wand of flame (28)
 q - a wand of iceblast (19)
Scrolls
 g - 8 scrolls of remove curse
 p - 3 scrolls of blinking
 s - 4 scrolls of teleportation
 v - 2 scrolls of enchant armour
 y - 3 scrolls of identify
 F - a scroll of enchant weapon
 Q - a scroll of amnesia
Potions
 h - a potion of magic
 j - 8 potions of curing
 k - 7 potions of heal wounds
 o - a potion of might
 r - 4 potions of flight
 x - 2 potions of haste
 z - a potion of berserk rage
 B - a potion of lignification
 C - 2 potions of cancellation
 D - 2 potions of brilliance
 K - a potion of invisibility
 O - a potion of agility
Books
 b - a book of Air

   Spells                             Type                      Level
   a - Shock                          Conjuration/Air              1
   b - Swiftness                      Charms/Air                   2
   c - Static Discharge               Conjuration/Air              3
   d - Airstrike                      Air                          4
   e - Lightning Bolt                 Conjuration/Air              5
 c - a book of Misfortune

   Spells                             Type                      Level
   a - Confusing Touch                Hexes                        1
   b - Confuse                        Hexes                        3
   c - Gell's Gravitas                Translocation                3
   d - Petrify                        Transmutation/Earth          4
   e - Metabolic Englaciation         Hexes/Ice                    5
   f - Yara's Violent Unravelling     Hexes/Transmutation          5
 w - a book of Flames

   Spells                             Type                      Level
   a - Flame Tongue                   Conjuration/Fire             1
   b - Throw Flame                    Conjuration/Fire             2
   c - Conjure Flame                  Conjuration/Fire             3
   d - Inner Flame                    Hexes/Fire                   3
   e - Sticky Flame                   Conjuration/Fire             4
   f - Fireball                       Conjuration/Fire             5
 J - a book of Callings

   Spells                             Type                      Level
   a - Summon Small Mammal            Summoning                    1
   b - Call Imp                       Summoning                    2
   c - Call Canine Familiar           Summoning                    3
   d - Summon Guardian Golem          Hexes/Summoning              3
   e - Summon Lightning Spire         Summoning/Air                4
   f - Summon Ice Beast               Ice/Summoning                4
 N - a book of Clouds

   Spells                             Type                      Level
   a - Poisonous Vapours              Poison/Air                   2
   b - Mephitic Cloud                 Conjuration/Poison/Air       3
   c - Conjure Flame                  Conjuration/Fire             3
   d - Freezing Cloud                 Conjuration/Ice/Air          6
   e - Ring of Flames                 Charms/Fire                  7
Comestibles
 f - 31 rations
 S - 8 chunks of flesh


   Skills:
 + Level 7.7(12.7) Fighting
 - Level 10.0(15.0) Throwing
 - Level 1.5(6.5) Dodging
 - Level 0.3(5.3) Stealth
 + Level 7.7(12.7) Shields
 + Level 10.2(15.2) Unarmed Combat
 + Level 6.0 Invocations


You had 11 spell levels left.
You didn't know any spells.

Dungeon Overview and Level Annotations

Branches:
Dungeon (11/15)            Temple (1/1) D:7            Lair (3/6) D:9
  Swamp (0/4) Lair:2       Spider (0/4) Lair:2          Orc (0/2) D:10

Altars:
Ashenzari
Cheibriados
Dithmenos
Elyvilon
Fedhas
Gozag
Hepliaklqana
Kikubaaqudgha
Makhleb
Nemelex Xobeh
Okawaru
Qazlal
Ru
Sif Muna
Trog
Uskayaw
Vehumet
Wu Jian
Xom
Yredelemnul
Zin
The Shining One

Portals:
Trove: D:10 (give horn of Geryon)

Annotations:
D:2 1 transporter
D:4 exclusion: 2 downstairs
D:10 trove, needs horn
D:11 Nergalle
Lair:1 exclusion: downstairs
Lair:2 exclusion: upstairs


Innate Abilities, Weirdness & Mutations

You are too large for most types of armour.
You have claws for hands.
Your metabolism is lightning-fast.
You like to eat raw meat.
Your natural rate of healing is unusually fast.
You are covered in fur. (AC +1)
You have very tough skin. (AC +2)


Message History

The komodo dragon is severely wounded.
The komodo dragon bites you.
* * * LOW HITPOINT WARNING * * *
Okay, then.
You scratch the komodo dragon but do no damage.
The komodo dragon is severely wounded.
The komodo dragon bites you!!
* * * LOW HITPOINT WARNING * * *
You closely miss the komodo dragon.
The komodo dragon is severely wounded.
The komodo dragon bites you.
* * * LOW HITPOINT WARNING * * *
You gain the combat prowess of a mighty hero.
The komodo dragon completely misses you.
You scratch the komodo dragon but do no damage.
The komodo dragon is heavily wounded.
You claw the komodo dragon!
The komodo dragon is almost dead.
The komodo dragon bites you!!
You die...

.#..#.. #....# #.. l# #.#....
...# .## ##... #..###+#..## ..#
#.#† ...........## ..## #...
.#......##.P# #.P## ###P...
.#.......#..#########...#........
...#.P.....#.#..@l.##..l...#.....
.....#.#.P.'........÷.....##.#...
#..P...#...P.P.P##.##...######...
.........#.########.###.P# #...
.##+##.##### ## .## #.#.
....###.# ##.P# ##.. ...## ###
#### #P.### #.. .#..####
##..###.P..# ##+# .......##
##..........####...


You could see a komodo dragon.

Vanquished Creatures
  Harold (D:10)
  A wizard (D:9)
  The ghost of eyesofgods1 the Ruffian, a novice TrMo (D:5)
  Joseph (D:9)
  2 black mambas (Lair:1)
  Maurice (D:10)
  Psyche (D:9)
  3 spiny frogs
  A centaur skeleton (D:10)
  2 komodo dragons
  The ghost of goulibeur the Pure, an amateur DsAK of Lugonu (D:3)
  Grinder (D:6)
  A hornet (D:8)
  Prince Ribbit (Lair:1)
  6 blink frogs (Lair:1)
  4 hippogriffs
  3 redbacks (Lair:2)
  A wraith (D:10)
  22 yaks
  3 hungry ghosts
  Menkaure (D:7)
  2 soldier ants (D:8)
  5 water moccasins
  6 porcupines
  5 black bears
  A hornet zombie (D:8)
  2 ice beasts
  2 orc warriors
  2 sky beasts
  An ogre (D:9)
  The ghost of goulibeur the Pure, an amateur DsAK of Lugonu (D:4)
  3 centaurs
  3 crocodiles
  4 big kobolds
  15 bullfrogs
  3 scorpions
  5 killer bees (D:7)
  4 wights (D:8)
  A howler monkey (D:6)
  A bullfrog zombie (D:5)
  4 crimson imps
  A quasit (Sewer)
  5 hounds
  Crazy Yiuf (D:2)
  2 orc priests
  A jelly (D:10)
  A bullfrog skeleton (D:4)
  Ijyb (D:4)
  Terence (D:2)
  3 iguanas
  10 orc wizards
  7 worker ants
  2 killer bee zombies
  3 big kobold zombies (Sewer)
  A hound zombie (D:10)
  13 adders
  6 shadow imps
  5 ufetubi (Sewer)
  An ooze (Sewer)
  2 adder zombies
  An adder skeleton (D:5)
  2 worms
  4 dart slugs
  5 leopard geckos
  18 orcs
  6 bats
  5 giant cockroaches
  7 goblins
  3 hobgoblins
  4 jackals (D:3)
  3 quokkas
  7 frilled lizards
  25 kobolds
  2 kobold zombies (Sewer)
  A quokka skeleton (D:3)
  6 rats
293 creatures vanquished.

Vanquished Creatures (others)
  An ooze (Sewer)
  A kobold zombie (Sewer)
  14 fungi
  2 plants (D:9)
18 creatures vanquished.

Grand Total: 311 creatures vanquished

Notes
Turn   | Place    | Note
-------+----------+-------------------------------------------
     0 | D:1      | Wendigo the Troll Hunter began the quest for the Orb.
     0 | D:1      | Reached XP level 1. HP: 19/19 MP: 0/0
   420 | D:1      | Reached skill level 1 in Unarmed Combat
   515 | D:2      | Reached XP level 2. HP: 22/27 MP: 1/1
   839 | D:2      | Reached XP level 3. HP: 30/33 MP: 2/2
  1081 | D:2      | Found a sparkling altar of Nemelex Xobeh.
  1081 | D:2      | Found a transporter.
  1081 | D:2      | Noticed an ice beast
  1181 | D:2      | Found a runed door.
  1185 | D:2      | Noticed Crazy Yiuf
  1193 | D:2      | Killed Crazy Yiuf
  1193 | D:2      | Reached XP level 4. HP: 32/41 MP: 3/3
  1416 | D:2      | Noticed Terence
  1435 | D:2      | Killed Terence
  1809 | D:3      | Noticed goulibeur's ghost (amateur DsAK)
  1828 | D:3      | Killed goulibeur's ghost
  1828 | D:3      | Reached skill level 5 in Throwing
  1828 | D:3      | Reached XP level 5. HP: 15/48 MP: 4/4
  1828 | D:3      | Reached XP level 6. HP: 17/55 MP: 5/5
  1985 | D:3      | Noticed a dagger
  1986 | D:3      | Noticed a hand axe
  1988 | D:3      | Found a hide-covered altar of Uskayaw.
  2705 | D:4      | Found a radiant altar of Vehumet.
  2746 | D:4      | Noticed Ijyb
  2750 | D:4      | Killed Ijyb
  2791 | D:4      | Reached skill level 1 in Shields
  3265 | D:4      | Reached XP level 7. HP: 54/62 MP: 6/6
  3354 | D:4      | Noticed goulibeur's ghost (amateur DsAK)
  3364 | D:4      | Killed goulibeur's ghost
  3364 | D:4      | Reached skill level 5 in Unarmed Combat
  3386 | D:4      | Found a burning altar of Makhleb.
  3551 | D:5      | Entered Level 5 of the Dungeon
  3551 | D:5      | Noticed eyesofgods1's ghost (novice TrMo)
  3949 | D:6      | Noticed Grinder
  3951 | D:6      | Found a glowing drain.
  3982 | D:6      | Paralysed by Grinder for 4 turns
  3990 | D:6      | Reached XP level 8. HP: 37/74 MP: 7/7
  4010 | D:6      | Killed Grinder
  4035 | Sewer    | Entered a sewer
  4194 | Sewer    | Found a burning altar of Makhleb.
  5490 | D:5      | Killed eyesofgods1's ghost
  5490 | D:5      | Reached XP level 9. HP: 63/84 MP: 8/8
  5675 | D:5      | Found an ornate altar of the Wu Jian Council.
  6000 | D:7      | Noticed Menkaure
  6007 | D:7      | Killed Menkaure
  6010 | D:7      | Found a sacrificial altar of Ru.
  6083 | D:7      | Found a staircase to the Ecumenical Temple.
  6089 | Temple   | Entered the Ecumenical Temple
  6097 | Temple   | Became a worshipper of Warmaster Okawaru
  6341 | D:7      | Found an opulent altar of Gozag.
  6367 | D:7      | You fall through a shaft!
  6741 | D:8      | Found a hazy altar of Hepliaklqana.
  6799 | D:8      | Reached * piety under Okawaru
  6799 | D:8      | Reached skill level 5 in Fighting
  6799 | D:8      | Reached skill level 5 in Shields
  7004 | D:8      | Reached skill level 1 in Invocations
  7014 | D:8      | Reached XP level 10. HP: 96/96 MP: 9/9
  7344 | D:8      | Reached ** piety under Okawaru
  7647 | D:9      | Noticed a wizard
  7676 | D:9      | Killed a wizard
  7752 | D:9      | Noticed Joseph
  7777 | D:9      | Killed Joseph
  7777 | D:9      | Reached *** piety under Okawaru
  7871 | D:9      | Noticed Psyche
  8118 | D:9      | Found a staircase to the Lair.
  8194 | D:9      | Killed Psyche
  8194 | D:9      | Reached **** piety under Okawaru
  8194 | D:9      | Reached XP level 11. HP: 96/105 MP: 10/12
  8417 | D:10     | Entered Level 10 of the Dungeon
  8530 | D:10     | Noticed Maurice
  8537 | D:10     | Killed Maurice
  8770 | D:10     | Found a staircase to the Orcish Mines.
  8799 | D:10     | Noticed Harold
  8809 | D:10     | Killed Harold
  9054 | D:10     | Found a portal to a secret trove of treasure.
  9099 | D:11     | Noticed Nergalle
  9113 | D:10     | Reached ***** piety under Okawaru
  9164 | Lair:1   | Entered Level 1 of the Lair of Beasts
  9178 | Lair:1   | Identified a scroll of acquirement
  9226 | Lair:1   | Received a gift from Okawaru
  9640 | Lair:1   | Noticed Prince Ribbit
  9644 | Lair:1   | Received a gift from Okawaru
  9661 | Lair:1   | Killed Prince Ribbit
  9661 | Lair:1   | Reached skill level 5 in Invocations
 10417 | Lair:2   | Noticed an eight-headed hydra
 10639 | Lair:2   | Received a gift from Okawaru
 10652 | Lair:2   | Found a staircase to the Swamp.
 10821 | Lair:2   | Got a slimy marble ring
 11032 | Lair:2   | Found a hole to the Spider Nest.
 11040 | Lair:2   | Reached XP level 12. HP: 111/118 MP: 15/15
 11139 | Lair:2   | Reached skill level 10 in Throwing
 11139 | Lair:2   | Reached skill level 10 in Unarmed Combat
 11673 | Lair:3   | Received a gift from Okawaru
 11704 | Lair:3   | Identified the ring of the Visionary {rCorr Int+3} (You found it on level 2 of the Lair of Beasts)
 11897 | Lair:3   | Slain by a komodo dragon

Skill      XL: |  1  2  3  4  5  6  7  8  9 10 11 12 |
---------------+-------------------------------------+-----
Unarmed Combat | 1 2 4 5 6 7 8 9 10 | 10.2
Throwing       | 4 5 6 7 8 9 10 | 10.0
Shields        | 1 2 4 5 6 7 |  7.7
Fighting       | 2 4 5 6 7 |  7.7
Invocations    | 1 3 5 6 |  6.0
Dodging        | |  1.5
Stealth        | |  0.3

Action                   |  1- 3 |  4- 6 |  7- 9 | 10-12 || total
-------------------------+-------+-------+-------+-------++-------
Melee: Unarmed           |    79 |   145 |   377 |   525 ||  1126
       Punch             |       |     5 |       |       ||     5
 Fire: Blowgun           |       |       |     4 |    33 ||    37
Throw: Large rock        |     1 |     1 |    10 |    14 ||    26
       Stone             |       |       |    10 |     5 ||    15
       Tomahawk          |       |       |     7 |    31 ||    38
       Throwing net      |       |       |     1 |       ||     1
Invok: Heroism           |       |       |     1 |     7 ||     8
  Use: Scroll            |       |     4 |     9 |    14 ||    27
       Potion            |       |       |       |     1 ||     1
 Stab: Sleeping          |       |     3 |       |     1 ||     4
  Eat: Chunk             |    16 |    18 |    36 |    66 ||   136
Armor: Robe              |    18 |    52 |   131 |   143 ||   344
Dodge: Dodged            |    39 |    69 |    91 |   149 ||   348
Block: Shield            |       |    11 |   177 |   232 ||   420
